 Dungeon Crawl Stone Soup version 0.29.1-1-gd02db6906a (webtiles) character file.

Game seed: 9213686465446754249

17 masschaos23 the Trooper (level 2, 0/27 HPs)
             Began as a Hill Orc Fighter on Sept 15, 2022.
             Slain by a jackal (2 damage)
             ... on level 1 of the Dungeon.
             The game lasted 00:00:40 (706 turns).

masschaos23 the Trooper (Hill Orc Fighter)           Turns: 706, Time: 00:00:40

Health: 0/27       AC:  2    Str: 18    XL:     2   Next: 62%
Magic:  2/2        EV:  9    Int:  8    God:
Gold:   24         SH:  4    Dex: 10    Spells: 1/1 levels left

rFire   . . .      SeeInvis .   a - +0 war axe
rCold   . . .      Faith    .   c - +0 buckler
rNeg    . . .      Spirit   .   b - +0 scale mail
rPois   .          Reflect  .   (no helmet)
rElec   .          Harm     .   (no cloak)
rCorr   .          Rampage  .   (no gloves)
Will    .....                   (no boots)
Stlth   ..........              (no amulet)
HPRegen 0.09/turn               (no ring)
MPRegen 0.08/turn               (no ring)

@: corroded
A: no striking features
a: no special abilities


You were on level 1 of the Dungeon.
You visited 1 branch of the dungeon, and saw 1 of its levels.

You collected 24 gold pieces.

Inventory:

Hand Weapons
 a - a +0 war axe (weapon)
Armour
 b - a +0 scale mail (worn)
 c - a +0 buckler (worn)
Scrolls
 e - a scroll of enchant weapon {unknown}
 g - a scroll of identify {unknown}
Potions
 d - a potion of might
 f - 2 potions of invisibility {unknown}


   Skills:
 + Level 3.9 Fighting
 + Level 2.8 Axes
 + Level 3.6 Armour
 + Level 3.6 Shields


You had one spell level left.
You didn't know any spells.
Your spell library contained the following spells:

 Spells                   Type           Power      Damage    Failure   Level
 Ozocubu's Armour         Ice            0%         N/A       99%         3
 Ozocubu's Refrigeration  Ice            0%         4d7       100%        7


Dungeon Overview and Level Annotations

Branches:
Dungeon (1/15)

Altars:


Message History

No reachable target in view!
Could not explore, unopened runed door.
No reachable target in view!
You open the door. You block the giant cockroach's attack.
The endoplasm jiggles.
The giant cockroach bites you but does no damage.
The giant cockroach attacks as you move away!
You block the giant cockroach's attack.
You slash the giant cockroach!
You kill the giant cockroach!
You closely miss the jackal.
The jackal bites you but does no damage.
The jackal barely misses you. You block the rat's attack.
You hit the jackal but do no damage. You slash the rat!
You kill the rat!
The jackal closely misses you.
The jackal bites you but does no damage.
You barely miss the jackal. You hit the endoplasm.
The jackal bites you but does no damage. x2
The endoplasm freezes you.
You are frozen.
You hit the jackal but do no damage. You hit the endoplasm.
You kill the endoplasm!
You block the jackal's attack.
The jackal bites you but does no damage.
The jelly hits you. The acid corrodes you!
You are splashed with acid!
You barely miss the jackal. You hit the jelly.
Your hands burn!
You block the jackal's attack. The jackal barely misses you.
The jelly hits you but does no damage.
You hit the jackal but do no damage. You barely miss the jelly.
You block the jackal's attack. The jelly hits you but does no damage.
The jackal bites you but does no damage.
The jelly barely misses you.
You miss the jackal. You slash the jelly!
Your hands burn!
* * * LOW HITPOINT WARNING * * *
The jackal bites you.
* * * LOW HITPOINT WARNING * * *
The jackal bites you.
You die...

#............##.#...............†
#.#..##.#.#..##.#.####.#.........
#.#..##...........####...........
#.#..####.#......................
#.#.....†...###+#######'###......
#.##.#.##...#..⌠...>...⌠..#......
#.##.#.####)#......<......#......
#.##.#.# #.'⌠...J###....⌠+..####
#.##.#.####.#...@hJr......#..#
#...........#######r#######..#
######.###..# ...h.Jhw... #.##
#.# #..#....BJ.h.....#.# #.#
#..#.............#.# #.#
#..###############.# #.#
#..................# #.#
#.##..###....##.#### ##.# #.###.#
#.#####.#


You could see a worm, a jelly, 2 endoplasms, 3 jackals and 2 rats.

Vanquished Creatures
  A ball python (D:1)
  An endoplasm (D:1)
  2 giant cockroaches (D:1)
  A goblin (D:1)
  3 hobgoblins (D:1)
  A kobold (D:1)
  2 quokkas (D:1)
  A frilled lizard (D:1)
  2 rats (D:1)
14 creatures vanquished.

Notes
Turn   | Place    | Note
-------+----------+-------------------------------------------
     0 | D:1      | masschaos23 the Hill Orc Fighter began the quest for the
                  | Orb.
     0 | D:1      | Reached XP level 1. HP: 19/19 MP: 1/1
     1 | D:1      | Found a runed translucent door.
     9 | D:1      | Noticed a jelly
    89 | D:1      | Reached XP level 2. HP: 25/27 MP: 2/2
   706 | D:1      | Slain by a jackal

Illustrated notes

Levels and vault maps discovered:
D:1:      dpeg_arrival_caged_fury, layout_loops_ring

Action                   || total
-------------------------++-------
Melee: War axe           ||    30
Armor: Scale mail        ||    14
Dodge: Dodged            ||    16
Block: Buckler           ||    10
